 Dungeon Crawl Stone Soup version 0.31-a0-271-gb88eb75e06 (webtiles) character file.

Game seed: 167140776729170320

51 HallandMoats the Trooper (level 3, 0/9 HPs)
             Began as a Demonspawn Fighter on July 15, 2023.
             Killed by divine providence
             ... invoked by an orc priest
              (9 damage)
             ... on level 3 of the Dungeon.
             The game lasted 00:03:41 (1555 turns).

HallandMoats the Trooper (Demonspawn Fighter)       Turns: 1555, Time: 00:03:42

Health: 0/9        AC: 10    Str: 24    XL:     3   Next: 58%
Magic:  3/3        EV: 11    Int:  9    God:
Gold:   124        SH:  0    Dex: 12    Spells: 2/2 levels left

rFire   . . .        b - melded +1 dagger (venom)
rCold   . . .        c - melded +0 buckler
rNeg    . . .        j - melded +0 scale mail
rPois   ∞            (helmet currently unavailable)
rElec   +            (cloak currently unavailable)
rCorr   .            m - melded +1 pair of gloves
SInv    .            (boots currently unavailable)
Will    .....        (no amulet)
Stlth   +            g - +6 ring of strength
HPRegen 0.21/turn    (no ring)
MPRegen 0.08/turn

%: no passive effects
@: storm-form, flying
A: cleaving, insubstantial, flying, reduced hp, (antennae 1), powered by death 1
a: Blinkbolt, Begin Untransformation


You were on level 3 of the Dungeon.
You were a lightning-filled tempest!
You visited 1 branch of the dungeon, and saw 3 of its levels.

You collected 124 gold pieces.

Inventory:

Hand Weapons
 a - a +0 war axe
 b - a +1 dagger of venom (melded)
Armour
 c - a +0 buckler (melded)
 j - a +0 scale mail (melded)
 m - a +1 pair of gloves (melded)
Jewellery
 g - a +6 ring of strength (left fist)
Talismans
 l - a storm talisman
Scrolls
 e - 4 scrolls of identify {unknown}
 f - 2 scrolls of amnesia {unknown}
 k - a scroll of poison {unknown}
Potions
 d - 3 potions of might
 h - a potion of resistance {unknown}
 i - 2 potions of lignification {unknown}


   Skills:
 * Level 3.7 Fighting
 * Level 2.6 Axes
 - Level 2.6 Armour
 + Level 3.0 Shields


You had 2 spell levels left.
You didn't know any spells.
Your spell library was empty.

Dungeon Overview and Level Annotations

Branches:
Dungeon (3/15)

Altars:

Shops:
D:2 [[*=:


Innate Abilities, Weirdness & Mutations

You are a lightning-filled tempest!
Your electrical attacks strike out in all directions at once.
You are incredibly evasive.
Your insubstantial body is immune to petrification, constriction, and being set on fire You are flying.
Your maximum health is decreased, since you lack skill for your form.
Your armour is entirely melded.
You are incapable of wielding weapons or throwing items.
You are immune to poison.
((You have a pair of small antennae on your head.))
You regenerate a little health from kills.


Message History

You fly downwards.
There is a stone staircase leading up here.
A rat is nearby!
A rat is nearby!
A rat is nearby!
Found a scroll labelled LAUSUCY UGET.
The rat closely misses you.
You barely miss the rat. The rat bites you but does no damage.
You hit the rat. Lightning courses through the rat!!
You kill the rat!
An orc comes into view. It is wielding a +0 trident.
You see here a rat corpse.
An orc is nearby!
An orc is nearby!
An orc is nearby!
An orc wizard comes into view. It is wielding a +0 dagger.
Found a scroll labelled LOEBUH KUTWERAG and 12 gold pieces.
A hobgoblin comes into view.
The orc wizard shouts!
You hear a shout! x3
The hobgoblin barely misses you. The hobgoblin attacks as you move away!
The hobgoblin closely misses you.
An orc comes into view. It is wielding a +0 whip.
Found a stone staircase leading down.
The orc shouts!
The orc wizard hits you but does no damage.
The orc moves out of view.
An orc comes into view.
It is wielding a +2 short sword of speed.
You hit the orc wizard but do no damage.
You hit the orc. You hit the hobgoblin.
An orc priest comes into view. It is wielding a +0 club.
The hobgoblin hits you but does no damage.
The orc misses you. The orc wizard barely misses you.
Unknown command.
You closely miss the orc wizard. You closely miss the orc.
You hit the hobgoblin.
You kill the hobgoblin!
The orc priest mumbles some strange prayers to Beogh against you.
Beogh smites you!
Ouch! That really hurt!
You die...

.# .. .###. . >...
.. # ...#.# #.
o....# #.# o.$..#
#..###+###.?...#.
.#........vo......
..........o..#....
..................
.#.###.###..#.##
##†###..#.# # #
#.........
#..#.##..###..###
#...............
#?#...<...#+###


You could see an orc priest, an orc wizard and 2 orcs.

Vanquished Creatures
  An adder (D:2)
  3 dart slugs
  2 ball pythons (D:2)
  4 bats (D:2)
  7 endoplasms
  2 giant cockroaches (D:2)
  2 goblins
  3 hobgoblins
  4 kobolds
  A quokka (D:1)
  7 rats
36 creatures vanquished.

Notes
Turn   | Place    | Note
-------+----------+-------------------------------------------
     0 | D:1      | HallandMoats the Demonspawn Fighter began the quest for the
                  | Orb.
     0 | D:1      | Reached XP level 1. HP: 18/18 MP: 1/1
   212 | D:1      | Gained mutation: You have a pair of small antennae on your
                  | head. [demonic ancestry]
   212 | D:1      | Reached XP level 2. HP: 18/24 MP: 2/2
   629 | D:2      | Found Sivoral's General Store.
   637 | D:2      | Found Mecat's Antique Armour Emporium.
   767 | D:2      | Found Tankass's Book Boutique.
   907 | D:2      | Gained mutation: You regenerate a little health from kills.
                  | [demonic ancestry]
   907 | D:2      | Reached XP level 3. HP: 6/29 MP: 3/3
  1187 | D:2      | Found Fomyzxar's Jewellery Boutique.
  1359 | D:2      | Found Ynlenu Rotio's Armour Emporium.
  1555 | D:3      | Killed from afar by an orc priest

Illustrated notes

Levels and vault maps discovered:
D:1:      dpeg_arrival_houses_and_road, layout_basic
D:2:      layout_basic, serial_shops, nicolae_book_shop_shelving,
          nicolae_shop_crystal, shop, shop, nicolae_shop_overgrown_old_shop,
          serial_park_tiny_2, kennysheep_generic_room_8
D:3:      layout_basic

Skill      XL: |  1  2 |
---------------+-------+-----
Axes           | 2 |  2.6
Shields        | 3 |  3.0
Fighting       | |  3.7
Armour         | |  2.6

Action                     || total
---------------------------++-------
  Melee: War axe           ||    15
         Unarmed           ||    40
         Dagger            ||    48
 Armour: Scale mail        ||    35
         Skin              ||    27
  Dodge: Dodged            ||    60
  Block: Buckler           ||    21
   Form: Storm             ||     2
                           ||     1

Table legend: (Time is in decaauts)
 A = Elapsed time spent in this place.
 B = Non-inter-level travel time spent in this place.
 C = Inter-level travel time spent in this place.
 D = Time resting spent in this place.
 E = Time spent auto-exploring this place.
 F = Levels seen in this place.
 G = Mean time per level.
                   A        B        C        D        E       F      G
               +--------+--------+--------+--------+--------+-----+--------+
         Total |   1561 |   1544 |     17 |      0 |   1179 |   3 |  520.3 |
       Dungeon |   1561 |   1544 |     17 |      0 |   1179 |   3 |  520.3 |
               +--------+--------+--------+--------+--------+-----+--------+

Top non-repeatable levels by time:
     D:2: 914 daAuts
     D:1: 635 daAuts
     D:3: 11 daAuts
